 Dungeon Crawl Stone Soup version 0.31.0-1-g2c135a0 (webtiles) character file.

Game seed: 8686278614163922676

27 bonegar the Magician (level 2, -2/15 HPs)
             Began as a Deep Elf Hedge Wizard on Apr 1, 2024.
             Slain by Jessica
             ... wielding a +0 club
              (4 damage)
             ... on level 2 of the Dungeon.
             The game lasted 00:08:16 (902 turns).

bonegar the Magician (Deep Elf Hedge Wizard)         Turns: 902, Time: 00:08:16

Health: -2/15      AC:  2    Str:  7    XL:     2   Next: 93%
Magic:  8/9        EV: 12    Int: 18    God:
Gold:   129        SH:  0    Dex: 14    Spells: 9/10 levels left

rFire   . . .        a - +0 dagger
rCold   . . .        (no shield)
rNeg    + . .        b - +0 robe
rPois   .            c - +0 hat
rElec   .            (no cloak)
rCorr   .            (no gloves)
SInv    .            (no boots)
Will    .....        (no amulet)
Stlth   ++           g - ring of positive energy
HPRegen 0.22/turn    (no ring)
MPRegen 0.11/turn

%: no passive effects
@: no status effects
A: no striking features
a: no special abilities


You were on level 2 of the Dungeon.
You visited 1 branch of the dungeon, and saw 2 of its levels.

You collected 129 gold pieces.

Inventory:

Hand Weapons
 a - a +0 dagger (weapon)
Armour
 b - a +0 robe (worn)
 c - a +0 hat (worn)
Jewellery
 g - a ring of positive energy (left hand)
Scrolls
 h - a scroll of immolation {unknown}
Potions
 d - a potion of magic
 e - 2 potions of curing {unknown}
 f - a potion of lignification {unknown}


   Skills:
 + Level 2.8 Dodging
 + Level 2.7 Stealth
 + Level 4.6 Spellcasting
 + Level 1.6 Conjurations
 + Level 1.6 Summonings
 + Level 1.5 Translocations


You had 9 spell levels left.
You knew the following spells:

 Your Spells              Type           Power      Damage    Failure   Level
a - Magic Dart            Conj           40%        1d5       7%          1

Your spell library contained the following spells:

 Spells                   Type           Power      Damage    Failure   Level
 Blink                    Tloc           18%        N/A       11%         2
 Call Imp                 Summ           20%        N/A       11%         2
 Slow                     Hex            16%        N/A       14%         1
 Cigotuvi's Dreadful Rot  Necr/Alch/Air  8%         N/A       22%         2
 Mephitic Cloud           Conj/Alch/Air  6%         N/A       32%         3


Dungeon Overview and Level Annotations

Branches:
Dungeon (2/15)

Altars:

Annotations:
D:2 Jessica


Message History

You now have 116 gold pieces (gained 1).
You enter the shallow water.
Moving in this stuff is going to be slow.
You now have 117 gold pieces (gained 1).
There is a faded altar of an unknown god here.
You enter the shallow water.
Moving in this stuff is going to be slow.
Found a stone staircase leading up.
You now have 129 gold pieces (gained 12).
Jessica the Apprentice Sorceress comes into view.
She is wielding a +0 club and carrying a wand of flame.
You barely miss Jessica. Jessica misses you.
Casting: Magic Dart (safe; 7% risk of failure)
Confirm with . or Enter, or press ? or * to list all spells.
You don't know that spell.
Casting: Magic Dart (safe; 7% risk of failure)
Confirm with . or Enter, or press ? or * to list all spells.
You don't know that spell.
Sorry, you're not good enough to have a special ability.
Unknown command.
You hit Jessica but do no damage.
Jessica mumbles something strange.
Jessica hits you with a +0 club.
You hit Jessica.
Jessica is lightly wounded.
Jessica hits you with a +0 club.
Casting: Magic Dart (safe; 7% risk of failure)
Confirm with . or Enter, or press ? or * to list all spells.
Aiming: Magic Dart (safe; 7% risk of failure)
Press: ? - help, Shift-Dir - straight line, f - Jessica
Aim: Jessica, wielding a +0 club, wearing a +0 robe and carrying a wand of flame (lightly wounded, 100% to hit)
The magic dart hits Jessica.
Jessica is heavily wounded.
Jessica zaps a wand.
The puff of flame hits you!
Ouch! That really hurt!
* * * LOW HITPOINT WARNING * * *
Casting: Magic Dart (safe; 7% risk of failure)
Confirm with . or Enter, or press ? or * to list all spells.
You don't know that spell.
Jessica attacks as she pursues you! Jessica hits you with a +0 club.
You die...

# #####.#.###.#.#
# ......#.##..#.#
# ............#.#
##########.##..#.#
...........##..#.#
#############..#.#
# ..<.....#.# #
#####...#@# #
........#@# #
#####.#.#.# #
...#.#.# #
#######.#.# #
..........# #
#######.### # #.#
#.# #.#


You could see Jessica.

Vanquished Creatures
  2 dart slugs (D:1)
  An endoplasm (D:2)
  A giant cockroach (D:2)
  2 goblins
  2 hobgoblins (D:2)
  4 jackals (D:2)
  A kobold (D:1)
  3 ball pythons (D:2)
  2 bats (D:2)
  2 frilled lizards
20 creatures vanquished.

Notes
Turn   | Place    | Note
-------+----------+-------------------------------------------
     0 | D:1      | bonegar the Deep Elf Hedge Wizard began the quest for the
                  | Orb.
     0 | D:1      | Reached XP level 1. HP: 10/10 MP: 7/7
   244 | D:1      | Reached XP level 2. HP: 15/15 MP: 4/9
   815 | D:2      | Found a faded altar of an unknown god.
   891 | D:2      | Noticed Jessica
   902 | D:2      | Slain by Jessica

Illustrated notes

Levels and vault maps discovered:
D:1:      lemuel_arrival_behind_the_door_large, layout_basic
D:2:      layout_basic, hellmonk_ecumenical_altar_pennies_from_heaven,
          uniq_jessica, uniq_terence

Action                     || total
---------------------------++-------
  Melee: Dagger            ||    48
   Cast: Magic Dart        ||    27
   Stab: Sleeping          ||     5
 Armour: Robe              ||    21
  Dodge: Dodged            ||    32
